TOP OF THE 1ST |
Pittsburgh (WIN) Pirates batting - Pitching for New York (WIN) Yankees : RHP Soh Kawashima
|
Pitching: RHP Soh Kawashima
|
|
Batting: RHB Nelson Ozuna
|
0-0: Ball 1-0: Ball 2-0: Foul Ball, location: 2F 2-1: Ball 3-1: Fly out, F8 (Line Drive, 8RM, EV 91.9 MPH)
|
Batting: RHB Terry Sutherland
|
0-0: Ball 1-0: Called Strike 1-1: Swinging Strike 1-2: Strikes out swinging
|
Pitching: LHP Josh Shaw
|
|
Batting: RHB David Contreras
|
0-0: Ball 1-0: Ground out U3 (Groundball, 34S, EV 93.1 MPH)
|
Top of the 1st over - 0 runs, 0 hits, 0 errors, 0 left on base; Pittsburgh (WIN) 0 - New York (WIN) 0 |
BOTTOM OF THE 1ST |
New York (WIN) Yankees batting - Pitching for Pittsburgh (WIN) Pirates : RHP Antonio Alvarez
|
Pitching: RHP Antonio Alvarez
|
|
Batting: RHB Sean Neuroth
|
0-0: Called Strike 0-1: Ball 1-1: SINGLE (Line Drive, 7S, EV 98.1 MPH)
|
Batting: RHB Russ Shambaugh
|
0-0: Ball 1-0: Called Strike 1-1: Called Strike 1-2: Fielders Choice at 2nd, 1-6 (Groundball, 13, EV 73.1 MPH)
|
Batting: LHB Jordan de Jesus
|
0-0: Called Strike 0-1: Called Strike 0-2: DOUBLE (Line Drive, 78M, EV 93.8 MPH) Russ Shambaugh to third
|
Batting: RHB James Boynton
|
0-0: DOUBLE (Line Drive, 8RXD, EV 101.2 MPH) Russ Shambaugh scores Jordan de Jesus scores
|
Batting: LHB Victor Fiallos
|
0-0: Ball 1-0: Called Strike 1-1: Ball 2-1: Fly out, F7 (Flyball, 7LS, EV 82.5 MPH)
|
Batting: LHB Jose Lebron
|
0-0: Ball 1-0: Ball 2-0: Called Strike 2-1: Foul Ball, location: 2F 2-2: Ball 3-2: Strikes out swinging
|
Bottom of the 1st over - 2 runs, 3 hits, 0 errors, 1 left on base; Pittsburgh (WIN) 0 - New York (WIN) 2 |
TOP OF THE 2ND |
Pittsburgh (WIN) Pirates batting - Pitching for New York (WIN) Yankees : LHP Josh Shaw
|
Batting: LHB Pat Sutton
|
0-0: Ball 1-0: Ball 2-0: Called Strike 2-1: Foul Ball, location: 2F 2-2: Strikes out swinging
|
Batting: LHB Jesse Henly
|
0-0: Called Strike 0-1: Foul Ball, location: 2F 0-2: Ball 1-2: Foul Ball, location: 2F 1-2: Foul Ball, location: 2F 1-2: SINGLE (Line Drive, 4D, EV 96.2 MPH)
|
Batting: SHB Trevor Weareorwear
|
0-0: Foul Ball, location: 2F 0-1: Ball 1-1: Ball 2-1: Foul Ball, location: 2F 2-2: Fly out, F8 (Flyball, 8RM, EV 93.1 MPH)
|
Batting: RHB Brian Moore
|
0-0: Called Strike 0-1: Called Strike 0-2: Ball 1-2: Strikes out swinging
|
Top of the 2nd over - 0 runs, 1 hit, 0 errors, 1 left on base; Pittsburgh (WIN) 0 - New York (WIN) 2 |
BOTTOM OF THE 2ND |
New York (WIN) Yankees batting - Pitching for Pittsburgh (WIN) Pirates : RHP Antonio Alvarez
|
Batting: RHB Dale Altman
|
0-0: Ball 1-0: SINGLE (Flyball, 9S, EV 83.1 MPH)
|
Batting: RHB Matt Crane
|
0-0: Called Strike 0-1: Ball 1-1: Foul Ball, location: 2F 1-2: Strikes out looking
|
Batting: RHB Matt Bindel
|
0-0: Called Strike 0-1: SINGLE (Groundball, 4MD, EV 103.8 MPH) Dale Altman to second Runner from 2nd tries for 3rd, SAFE, throw by CF made at trailing runner, OUT! 8-6
|
Batting: RHB Sean Neuroth
|
0-0: Ball 1-0: Ball 2-0: Ball 3-0: Called Strike 3-1: Foul Ball, location: 2F 3-2: Ground out U3 (Groundball, 34, EV 90.0 MPH)
|
Bottom of the 2nd over - 0 runs, 2 hits, 0 errors, 1 left on base; Pittsburgh (WIN) 0 - New York (WIN) 2 |
TOP OF THE 3RD |
Pittsburgh (WIN) Pirates batting - Pitching for New York (WIN) Yankees : LHP Josh Shaw
|
Batting: LHB Aito Harada
|
0-0: Foul Ball, location: 2F 0-1: Foul Ball, location: 2F 0-2: Foul Ball, location: 2F 0-2: Foul Ball, location: 2F 0-2: Ball 1-2: Strikes out swinging
|
Batting: RHB Matt Keef
|
0-0: Swinging Strike 0-1: Ball 1-1: Ball 2-1: Fly out, F6 (Flyball, 56D, EV 88.8 MPH)
|
Batting: RHB Nelson Ozuna
|
0-0: Ground out 1-3 (Groundball, 13S, EV 67.5 MPH)
|
Top of the 3rd over - 0 runs, 0 hits, 0 errors, 0 left on base; Pittsburgh (WIN) 0 - New York (WIN) 2 |
BOTTOM OF THE 3RD |
New York (WIN) Yankees batting - Pitching for Pittsburgh (WIN) Pirates : RHP Antonio Alvarez
|
Batting: RHB Russ Shambaugh
|
0-0: Foul Ball, location: 2F 0-1: Ball 1-1: Ball 2-1: Foul Ball, location: 2F 2-2: Ball 3-2: Foul Ball, location: 2F 3-2: Base on Balls
|
Batting: LHB Jordan de Jesus
|
0-0: Foul Ball, location: 2F 0-1: Ball 1-1: Foul Ball, location: 2F 1-2: Fielders Choice at 2nd, 5-4 (Groundball, 5, EV 97.5 MPH)
|
Batting: RHB James Boynton
|
0-0: Ball Jordan de Jesus steals 2nd base 1-0: Ball 2-0: Called Strike 2-1: Ground out 6-3 (Groundball, 6, EV 88.8 MPH) Jordan de Jesus to third
|
Batting: LHB Victor Fiallos
|
0-0: Ball 1-0: Ball 2-0: Ground out U3 (Groundball, 13, EV 90.6 MPH)
|
Bottom of the 3rd over - 0 runs, 0 hits, 0 errors, 1 left on base; Pittsburgh (WIN) 0 - New York (WIN) 2 |
TOP OF THE 4TH |
Pittsburgh (WIN) Pirates batting - Pitching for New York (WIN) Yankees : LHP Josh Shaw
|
Batting: RHB Terry Sutherland
|
0-0: Ball 1-0: Called Strike 1-1: Ball 2-1: Ground out 4-3 (Groundball, 4, EV 86.9 MPH)
|
Batting: RHB David Contreras
|
0-0: Ball 1-0: Ball 2-0: Ball 3-0: Base on Balls
|
Batting: LHB Pat Sutton
|
0-0: Ball 1-0: SINGLE (Groundball, 4D, EV 101.9 MPH) David Contreras to second Runner from 2nd tries for 3rd, SAFE, throw by RF made to third
|
Pitching: RHP Jimmy Williams
|
|
Batting: LHB Jesse Henly
|
0-0: SINGLE (Groundball, 4M, EV 83.8 MPH) (infield hit) David Contreras scores Pat Sutton to second
|
Batting: SHB Trevor Weareorwear
|
0-0: Called Strike 0-1: Ball 1-1: Foul Ball, location: 2F 1-2: Strikes out swinging
|
Batting: RHB Brian Moore
|
0-0: Swinging Strike 0-1: Swinging Strike 0-2: Strikes out looking
|
Top of the 4th over - 1 run, 2 hits, 0 errors, 2 left on base; Pittsburgh (WIN) 1 - New York (WIN) 2 |
BOTTOM OF THE 4TH |
New York (WIN) Yankees batting - Pitching for Pittsburgh (WIN) Pirates : RHP Antonio Alvarez
|
Batting: LHB Jose Lebron
|
0-0: Called Strike 0-1: Ball 1-1: Swinging Strike 1-2: Strikes out looking
|
Batting: RHB Dale Altman
|
0-0: Ball 1-0: Called Strike 1-1: Foul Ball, location: 2F 1-2: Ball 2-2: Foul Ball, location: 2F 2-2: Foul Ball, location: 2F 2-2: Strikes out swinging
|
Batting: RHB Matt Crane
|
0-0: DOUBLE (Line Drive, 78D, EV 111.9 MPH)
|
Batting: RHB Matt Bindel
|
0-0: Called Strike 0-1: Ball 1-1: Ball 2-1: Swinging Strike 2-2: Ball 3-2: Strikes out looking
|
Bottom of the 4th over - 0 runs, 1 hit, 0 errors, 1 left on base; Pittsburgh (WIN) 1 - New York (WIN) 2 |
TOP OF THE 5TH |
Pittsburgh (WIN) Pirates batting - Pitching for New York (WIN) Yankees : RHP Jimmy Williams
|
Batting: LHB Aito Harada
|
0-0: Ball 1-0: Foul Ball, location: 2F 1-1: Swinging Strike 1-2: SINGLE (Groundball, 34D, EV 96.2 MPH)
|
Batting: RHB Matt Keef
|
0-0: Swinging Strike 0-1: Ball 1-1: Fly out, F6 (Line Drive, 6, EV 65.0 MPH)
|
Batting: RHB Nelson Ozuna
|
0-0: Fielders Choice at 2nd, 6-4 (Groundball, 6, EV 76.2 MPH)
|
Batting: RHB Terry Sutherland
|
0-0: Ball 1-0: Ground out 1-3 (Groundball, 13S, EV 75.6 MPH)
|
Top of the 5th over - 0 runs, 1 hit, 0 errors, 1 left on base; Pittsburgh (WIN) 1 - New York (WIN) 2 |
BOTTOM OF THE 5TH |
New York (WIN) Yankees batting - Pitching for Pittsburgh (WIN) Pirates : RHP Antonio Alvarez
|
Batting: RHB Sean Neuroth
|
0-0: Ball 1-0: SINGLE (Line Drive, 4D, EV 95.0 MPH)
|
Batting: RHB Russ Shambaugh
|
0-0: Ball 1-0: Swinging Strike 1-1: Ball 2-1: Grounds into double play, 5-4-3 (Groundball, 56S, EV 81.2 MPH)
|
Batting: LHB Jordan de Jesus
|
0-0: Ball 1-0: SINGLE (Line Drive, 3D, EV 99.4 MPH)
|
Batting: RHB James Boynton
|
0-0: Ball Jordan de Jesus steals 2nd base 1-0: Called Strike 1-1: Foul Ball, location: 2F 1-2: 2-RUN HOME RUN (Flyball, 7LD, EV 92.5 MPH), Distance : 351 ft
|
Batting: LHB Victor Fiallos
|
0-0: Called Strike 0-1: Ball 1-1: Ground out 3-1 (Groundball, 34, EV 88.8 MPH)
|
Bottom of the 5th over - 2 runs, 3 hits, 0 errors, 0 left on base; Pittsburgh (WIN) 1 - New York (WIN) 4 |
TOP OF THE 6TH |
Pittsburgh (WIN) Pirates batting - Pitching for New York (WIN) Yankees : RHP Jimmy Williams
|
Batting: RHB David Contreras
|
0-0: Called Strike 0-1: Foul Ball, location: 2F 0-2: Ground out 5-3 (Groundball, 5S, EV 85.6 MPH)
|
Batting: LHB Pat Sutton
|
0-0: Ball 1-0: Ground out 6-3 (Groundball, 6M, EV 81.2 MPH)
|
Batting: LHB Jesse Henly
|
0-0: Called Strike 0-1: Fly out, F7 (Flyball, 7D, EV 78.8 MPH)
|
Top of the 6th over - 0 runs, 0 hits, 0 errors, 0 left on base; Pittsburgh (WIN) 1 - New York (WIN) 4 |
BOTTOM OF THE 6TH |
New York (WIN) Yankees batting - Pitching for Pittsburgh (WIN) Pirates : RHP Antonio Alvarez
|
Batting: LHB Jose Lebron
|
0-0: Ball 1-0: Swinging Strike 1-1: Called Strike 1-2: Ball 2-2: Strikes out swinging
|
Batting: RHB Dale Altman
|
0-0: Called Strike 0-1: Swinging Strike 0-2: Ball 1-2: Ball 2-2: Strikes out swinging
|
Batting: RHB Matt Crane
|
0-0: Called Strike 0-1: Ball 1-1: Ground out 5-3 (Groundball, 5, EV 87.5 MPH)
|
Bottom of the 6th over - 0 runs, 0 hits, 0 errors, 0 left on base; Pittsburgh (WIN) 1 - New York (WIN) 4 |
TOP OF THE 7TH |
Pittsburgh (WIN) Pirates batting - Pitching for New York (WIN) Yankees : RHP Jimmy Williams
|
Pitching: RHP Eddie Aguilar
|
|
Batting: SHB Trevor Weareorwear
|
0-0: Ball 1-0: Ball 2-0: Ball 3-0: Called Strike 3-1: Base on Balls
|
Batting: RHB Brian Moore
|
0-0: Ball 1-0: Ball 2-0: Foul Ball, location: 2F 2-1: Foul Ball, location: 2F Balk! Trevor Weareorwear to second 2-2: Foul Ball, location: 2F 2-2: Strikes out swinging
|
Batting: LHB Aito Harada
|
0-0: Ball 1-0: Called Strike 1-1: Called Strike 1-2: Foul Ball, location: 2F 1-2: Strikes out swinging
|
Batting: RHB Matt Keef
|
0-0: Foul Ball, location: 2F 0-1: Called Strike 0-2: Ball 1-2: Strikes out swinging
|
Top of the 7th over - 0 runs, 0 hits, 0 errors, 1 left on base; Pittsburgh (WIN) 1 - New York (WIN) 4 |
BOTTOM OF THE 7TH |
New York (WIN) Yankees batting - Pitching for Pittsburgh (WIN) Pirates : RHP Antonio Alvarez
|
Batting: RHB Matt Bindel
|
0-0: Ball 1-0: Called Strike 1-1: Swinging Strike 1-2: Ball 2-2: Foul Ball, location: 2F 2-2: Strikes out swinging
|
Pitching: RHP Justin West
|
|
Batting: RHB Sean Neuroth
|
0-0: Ball 1-0: Called Strike 1-1: Called Strike 1-2: Strikes out swinging
|
Batting: RHB Russ Shambaugh
|
0-0: Ball 1-0: Ground out 6-3 (Groundball, 6S, EV 83.8 MPH)
|
Bottom of the 7th over - 0 runs, 0 hits, 0 errors, 0 left on base; Pittsburgh (WIN) 1 - New York (WIN) 4 |
TOP OF THE 8TH |
Pittsburgh (WIN) Pirates batting - Pitching for New York (WIN) Yankees : RHP Eddie Aguilar
|
Pitching: LHP George Grady
|
|
Batting: RHB Nelson Ozuna
|
0-0: Ball 1-0: Ball 2-0: Foul Ball, location: 2F 2-1: Fly out, F9 (Flyball, 89D, EV 89.4 MPH)
|
Batting: RHB Terry Sutherland
|
0-0: Ball 1-0: Fly out, F9 (Flyball, 9, EV 82.5 MPH)
|
Batting: RHB David Contreras
|
0-0: Ball 1-0: Ball 2-0: Foul Ball, location: 2F 2-1: Foul Ball, location: 2F 2-2: Ball 3-2: Foul Ball, location: 2F 3-2: Foul Ball, location: 2F 3-2: Foul Ball, location: 2F 3-2: Foul Ball, location: 2F 3-2: Base on Balls
|
Batting: LHB Pat Sutton
|
0-0: Foul Ball, location: 2F 0-1: DOUBLE (Line Drive, 9LM, EV 105.6 MPH) David Contreras to third Runner from 3rd tries for Home, SAFE, throw by RF to home
|
Batting: LHB Jesse Henly
|
0-0: Ball 1-0: Foul Ball, location: 2F 1-1: Ground out 6-3 (Groundball, 6, EV 105.6 MPH)
|
Top of the 8th over - 1 run, 1 hit, 0 errors, 1 left on base; Pittsburgh (WIN) 2 - New York (WIN) 4 |
BOTTOM OF THE 8TH |
New York (WIN) Yankees batting - Pitching for Pittsburgh (WIN) Pirates : RHP Justin West
|
Batting: LHB Jordan de Jesus
|
0-0: Foul Ball, location: 2F 0-1: Ball 1-1: Ball 2-1: SINGLE (Groundball, 4MD, EV 97.5 MPH)
|
Batting: RHB James Boynton
|
0-0: Ball 1-0: Foul Ball, location: 2F 1-1: Ball 2-1: Ball 3-1: SINGLE (Groundball, 56D, EV 96.2 MPH) Jordan de Jesus to second Runner from 2nd tries for 3rd, SAFE, throw by LF made to third James Boynton to second
|
Batting: LHB Victor Fiallos
|
0-0: Ball 1-0: Foul Ball, location: 2F 1-1: Foul Ball, location: 2F 1-2: Strikes out swinging
|
Batting: LHB Jose Lebron
|
0-0: Intentional Walk
|
Batting: RHB Dale Altman
|
0-0: Called Strike 0-1: Foul Ball, location: 2F 0-2: Fly out, F8 (Flyball, 89D, EV 97.5 MPH) Runner from 3rd tags up, SCORES, throw by CF James Boynton to third
|
Batting: RHB Matt Crane
|
0-0: Called Strike 0-1: Swinging Strike 0-2: Strikes out swinging
|
Bottom of the 8th over - 1 run, 2 hits, 0 errors, 2 left on base; Pittsburgh (WIN) 2 - New York (WIN) 5 |
TOP OF THE 9TH |
Pittsburgh (WIN) Pirates batting - Pitching for New York (WIN) Yankees : LHP George Grady
|
Pitching: RHP Ryan Walker
|
|
Batting: SHB Trevor Weareorwear
|
0-0: Swinging Strike 0-1: Foul Ball, location: 2F 0-2: Foul Ball, location: 2F 0-2: Ball 1-2: Ground out 4-3 (Groundball, 4, EV 99.4 MPH)
|
Batting: RHB Brian Moore
|
0-0: Ball 1-0: Ball 2-0: Ball 3-0: Base on Balls
|
Batting: LHB Aito Harada
|
0-0: Called Strike 0-1: Foul Ball, location: 2F 0-2: Ball 1-2: Foul Ball, location: 2F 1-2: Ball 2-2: Foul Ball, location: 2F 2-2: Strikes out looking
|
Batting: RHB Matt Keef
|
0-0: Ball 1-0: Foul Ball, location: 2F 1-1: Foul Ball, location: 2F 1-2: Foul Ball, location: 2F 1-2: Strikes out looking
|
Top of the 9th over - 0 runs, 0 hits, 0 errors, 1 left on base; Pittsburgh (WIN) 2 - New York (WIN) 5 |
|